 Dungeon Crawl Stone Soup version 0.30-a0-304-gdc4b735fe1 (webtiles) character file.

Game seed: 3561085520319416648

8511 Iusername the Protected (level 11, -4/102 HPs)
             Began as a Minotaur Fighter on Oct 20, 2022.
             Was an Initiate of Gozag.
             Slain by an unseen horror (6 damage)
             ... on level 11 of the Dungeon.
             The game lasted 00:14:05 (10677 turns).

Iusername the Protected (Minotaur Fighter)         Turns: 10677, Time: 00:14:05

Health: -4/102     AC: 23    Str: 28    XL:     11   Next: 10%
Magic:  10/10      EV:  8    Int:  5    God:    Gozag
Gold:   974        SH:  0    Dex: 10    Spells: 10/10 levels left

rFire   . . .      SeeInvis .    F - +0 battleaxe
rCold   . . .      Faith    .    (shield currently unavailable)
rNeg    . . .      Spirit   .    m - +0 plate armour
rPois   .          Reflect  .    (helmet restricted)
rElec   .          Harm     +    E - +1 cloak of Chill Winds {Harm Str+3}
rCorr   +          Rampage  .    y - +0 pair of gloves
Will    .....                    (no boots)
Stlth   ..........               v - amulet of the acrobat
HPRegen 0.37/turn                e - ring of resist corrosion
MPRegen 0.12/turn                A - +4 ring of protection

@: gold aura
A: horns 2, retaliatory headbutt
a: Renounce Religion, Potion Petition, Call Merchant, Bribe Branch


You were on level 11 of the Dungeon.
You worshipped Gozag.
Gozag was pleased with you.
You visited 2 branches of the dungeon, and saw 11 of its levels.
You also visited: Ossuary.

You collected 1075 gold pieces.
You paid 101 gold pieces to Gozag.

Inventory:

Hand Weapons
 a - a +0 war axe
 F - a +0 battleaxe (weapon)
Missiles
 j - a throwing net
Armour
 m - a +0 plate armour (worn)
 y - a +0 pair of gloves (worn)
 E - the +1 cloak of Chill Winds (worn) {Harm Str+3}
   (You found it on level 8 of the Dungeon)

   Str:       It affects your strength (+3).
   Harm:      It increases damage dealt and taken.
Jewellery
 e - a ring of resist corrosion (left hand)
 v - an amulet of the acrobat (around neck)
 A - a +4 ring of protection (right hand)
 H - a +4 ring of evasion
Wands
 b - a wand of flame (22)
 w - a wand of mindburst (8) (quivered)
 B - a wand of digging (7)
 C - a wand of charming (10)
Scrolls
 c - a scroll of blinking {unknown}
 p - a scroll of fear
 q - 3 scrolls of noise
 s - a scroll of immolation
 t - 2 scrolls of teleportation
 u - 2 scrolls of magic mapping
 x - 2 scrolls of torment
 D - 2 scrolls of identify
 I - a scroll of fog {unknown}
Potions
 d - a potion of attraction
 f - 4 potions of flight
 i - a potion of invisibility
 k - a potion of cancellation
 l - 4 potions of brilliance
 n - 4 potions of degeneration
 r - a potion of resistance
 z - 3 potions of mutation


   Skills:
 + Level 11.0 Fighting
 + Level 10.6 Axes
 + Level 11.0 Armour
 + Level 11.0 Shields


You had 10 spell levels left.
You didn't know any spells.
Your spell library contained the following spells:

 Spells                   Type           Power      Damage    Failure   Level
 Sting                    Tmut/Pois      0%         1d3       99%         1
 Cigotuvi's Dreadful Rot  Necr/Pois/Air  0%         N/A       99%         2
 Poisonous Vapours        Pois/Air       0%         N/A       99%         2
 Static Discharge         Conj/Air       0%         2-2/arc   99%         2
 Frozen Ramparts          Ice            0%         1d1       100%        3
 Gell's Gravitas          Tloc           0%         N/A       100%        3
 Lesser Beckoning         Tloc           0%         N/A       100%        3
 Mephitic Cloud           Conj/Pois/Air  0%         N/A       100%        3
 Teleport Other           Tloc           0%         N/A       100%        3
 Tukima's Dance           Hex            0%         N/A       100%        3
 Vhi's Electric Charge    Tloc/Air       0%         N/A       100%        3
 Ice Form                 Ice/Tmut       0%         N/A       100%        4
 Olgreb's Toxic Radiance  Pois           0%         N/A       100%        4
 Passage of Golubria      Tloc           0%         N/A       100%        4
 Summon Ice Beast         Ice/Summ       0%         N/A       100%        4
 Arcjolt                  Conj/Air       0%         1d10      100%        5
 Lightning Bolt           Conj/Air       0%         1d11      100%        5
 Yara's Violent Unravell  Hex/Tmut       0%         3d3       100%        5


Dungeon Overview and Level Annotations

Branches:
Dungeon (9/15)             Temple (1/1) D:6         Ossuary (visited)
   Lair: D:8-11         Orc: D:9-12

Altars:
Ashenzari
Cheibriados
Dithmenos
Elyvilon
Fedhas
Gozag
Hepliaklqana
Makhleb
Nemelex Xobeh
Okawaru
Ru
Sif Muna
Trog
Vehumet
Xom
Zin
The Shining One

Shops:
D:3 (   D:4 *   D:7 =[

Annotations:
D:3 2 transporters, pokeman's ghost, amateur DEHW


Innate Abilities, Weirdness & Mutations

You have a pair of horns on your head.
You reflexively headbutt those who attack you in melee.


Message History

You now have 968 gold pieces (gained 14).
Things that are here:
a +0 whip of flaming; a +0 robe; a +0 whip No target in view!
You now have 974 gold pieces (gained 6).
Things that are here:
a +0 club; a +0 robe A sourceless malevolence fills the Dungeon...
You fall into a shaft and drop 2 floors!
The shaft crumbles and collapses.
No target in view!
Found a stone staircase leading down.
A white ugly thing comes into view.
The white ugly thing gurgles horribly!
Something barely misses you. The white ugly thing trunk-slaps you!
The white ugly thing freezes you!!
You slice the white ugly thing!!
Your headbutt misses the white ugly thing.
The white ugly thing is heavily wounded.
The white ugly thing trunk-slaps you. The white ugly thing freezes you!!
* * * LOW HITPOINT WARNING * * *
Okay, then.
You hit the white ugly thing.
You headbutt the white ugly thing, but do no damage.
The white ugly thing is severely wounded.
The white ugly thing trunk-slaps you but does no damage.
You slice the white ugly thing!!
The white ugly thing is almost dead.
The white ugly thing trunk-slaps you but does no damage.
The white ugly thing trunk-slaps you.
* * * LOW HITPOINT WARNING * * *
The white ugly thing freezes you!
* * * LOW HITPOINT WARNING * * *
Okay, then.
Okay, then.
You slash the white ugly thing!
You kill the white ugly thing!
Something hits you.
You die...
Your body crumbles into a pile of gold.

####### #.....#
### #.....# +.#
#.....# #.#
#.....# . #.#
#.....##.. #.##
#........#
#..######.....#
##...@$.......#
########.....#
#.u...# ##>####
..# .... ......
$ #.u....
#.......


There were no monsters in sight!

Vanquished Creatures
  Amaemon (D:9)
  Pikel (D:9)
  A deep elf pyromancer (D:8)
  An ugly thing (D:11)
  Maurice (D:8)
  Joseph (D:7)
  An orange demon (D:9)
  Psyche (D:8)
  Grinder (D:6)
  Sigmund (D:6)
  A shadow (D:9)
  4 wyverns
  2 vampires (D:9)
  A basilisk (D:9)
  3 yaks (D:8)
  A steam dragon (D:9)
  Edmund (D:6)
  4 water moccasins
  Duvessa (D:7)
  2 orc warriors
  A black bear (D:8)
  An ice beast (D:7)
  A centaur (D:9)
  2 phantoms
  2 lemures (D:9)
  A bullfrog (D:7)
  A necrophage (D:4)
  8 wights (D:8)
  Dowan (D:7)
  16 killer bees
  4 howler monkeys (D:8)
  A centaur zombie (Ossuary)
  2 human zombies (Ossuary)
  A jelly (D:5)
  7 hounds
  5 orc priests
  An iguana (D:5)
  2 gnoll boudas
  5 orc wizards
  2 mummies (Ossuary)
  10 gnolls
  14 adders
  2 white imps
  2 ufetubi
  An adder zombie (Ossuary)
  3 worms
  4 dart slugs
  21 orcs
  12 ball pythons
  2 bats
  6 endoplasms
  4 giant cockroaches
  14 goblins
  20 hobgoblins
  14 jackals
  7 kobolds
  2 quokkas
  6 frilled lizards
  A goblin zombie (Ossuary)
  13 hobgoblin zombies (Ossuary)
  11 kobold zombies (Ossuary)
  4 orc zombies (Ossuary)
  4 rats
  3 rat zombies (Ossuary)
274 creatures vanquished.

Vanquished Creatures (others)
  3 bushes (D:9)
  2 fungi (D:9)
  20 plants
25 creatures vanquished.

Grand Total: 299 creatures vanquished

Notes
Turn   | Place    | Note
-------+----------+-------------------------------------------
     0 | D:1      | Iusername the Minotaur Fighter began the quest for the Orb.
     0 | D:1      | Reached XP level 1. HP: 19/19 MP: 0/0
   325 | D:1      | Reached XP level 2. HP: 27/27 MP: 1/1
   342 | D:1      | Found a faded altar of an unknown god.
   599 | D:1      | Reached XP level 3. HP: 33/33 MP: 2/2
  1016 | D:2      | Reached XP level 4. HP: 29/40 MP: 3/3
  1396 | D:2      | Reached XP level 5. HP: 47/47 MP: 4/4
  1438 | D:2      | Found a sacrificial altar of Ru.
  2190 | D:3      | Found Gittugug's Weapon Shop.
  2202 | D:3      | Found a large runed translucent door.
  2202 | D:3      | Found a large runed translucent door.
  2457 | D:3      | Found a transporter.
  2459 | D:3      | Found a transporter.
  2461 | D:3      | Identified the +3 dire flail "Ultimatum" {freeze, Int+4
                  | Dex+9}
  2461 | D:3      | Noticed an ogre
  2461 | D:3      | Noticed pokeman's ghost (amateur DEHW)
  2462 | D:3      | Noticed an ogre
  2841 | D:3      | Found an iron altar of Okawaru.
  2848 | D:3      | Found a radiant altar of Vehumet.
  2894 | D:4      | Noticed a phantom
  2902 | D:4      | Killed a phantom
  2903 | D:4      | Reached skill level 5 in Fighting
  2903 | D:4      | Reached skill level 5 in Armour
  2903 | D:4      | Reached skill level 5 in Shields
  2903 | D:4      | Reached XP level 6. HP: 50/56 MP: 5/5
  3118 | D:4      | Found a shadowy altar of Dithmenos.
  3548 | D:4      | Found Iraelam's General Store.
  3758 | D:4      | Reached XP level 7. HP: 54/62 MP: 6/6
  3864 | D:4      | Reached skill level 5 in Axes
  4291 | D:5      | Entered Level 5 of the Dungeon
  4512 | D:5      | Found a sand-covered staircase.
  4547 | Ossuary  | Entered an ossuary
  5362 | D:5      | Found a bloodstained altar of Trog.
  5689 | D:5      | Found a burning altar of Makhleb.
  5689 | D:5      | Noticed a cacodemon
  5878 | D:6      | Noticed Edmund
  5885 | D:6      | Reached XP level 8. HP: 71/71 MP: 7/7
  5891 | D:6      | Killed Edmund
  6026 | D:6      | HP: 3/73 [poisoned by a killer bee]
  6031 | D:6      | HP: 3/73 [killer bee (3)]
  6467 | D:6      | Found a staircase to the Ecumenical Temple.
  6550 | Temple   | Entered the Ecumenical Temple
  6563 | Temple   | Became a worshipper of Gozag Ym Sagoz the Greedy
  6717 | D:6      | Noticed Sigmund
  6741 | D:6      | Killed Sigmund
  7025 | D:6      | Noticed Grinder
  7036 | D:6      | Killed Grinder
  7037 | D:6      | Reached XP level 9. HP: 75/81 MP: 8/8
  7073 | D:6      | Found a glowing golden altar of the Shining One.
  7291 | D:7      | Noticed Dowan
  7291 | D:7      | Noticed Duvessa
  7308 | D:7      | Killed Duvessa
  7312 | D:7      | Killed Dowan
  7581 | D:7      | Noticed Joseph
  7596 | D:7      | Killed Joseph
  8021 | D:7      | Found a snail-covered altar of Cheibriados.
  8081 | D:7      | Found Fiokkily's Jewellery Emporium.
  8094 | D:7      | Found Ole Ykekk's Antique Armour Boutique.
  8114 | D:7      | Found a broken altar of Ashenzari.
  8623 | D:8      | Reached XP level 10. HP: 38/91 MP: 9/9
  8991 | D:8      | Identified the +1 cloak of Chill Winds {Harm Str+3}
  9099 | D:8      | Found a shimmering altar of Xom.
  9225 | D:8      | Noticed Psyche
  9231 | D:8      | Killed Psyche
  9338 | D:8      | Noticed Maurice
  9367 | D:8      | Killed Maurice
  9466 | D:8      | Found a glowing silver altar of Zin.
  9544 | D:8      | Noticed a deep elf pyromancer
  9551 | D:8      | Killed a deep elf pyromancer
  9552 | D:8      | Reached skill level 10 in Fighting
  9552 | D:8      | Reached skill level 10 in Armour
  9552 | D:8      | Reached skill level 10 in Shields
 10050 | D:9      | Noticed an orange demon
 10060 | D:9      | Noticed Amaemon
 10061 | D:9      | Killed an orange demon
 10078 | D:9      | Reached skill level 10 in Axes
 10086 | D:9      | Killed Amaemon
 10584 | D:9      | Reached XP level 11. HP: 101/101 MP: 10/10
 10611 | D:9      | Noticed Pikel
 10628 | D:9      | Killed Pikel
 10648 | D:9      | You fall into a shaft and drop 2 floors!
 10662 | D:11     | Noticed a white ugly thing
 10676 | D:11     | HP: 1/102 [white ugly thing (19)]
 10677 | D:11     | Killed a white ugly thing
 10677 | D:11     | Slain by an unseen horror

Illustrated notes

Levels and vault maps discovered:
D:1:      dpeg_arrival_rooms_with_view, layout_basic, basic_ecumenical_altar
D:2:      layout_basic, basic_altar
D:3:      cheibrodos_greedy_goblins, layout_loops_corners,
          jmf_multi_god_temple2, serial_shops, shop, gammafunk_ghost_smash
D:4:      minmay_general_purpose_star, layout_basic, old_standard_altar,
          nicolae_stop_n_shop_2, kennysheep_opposing_triangles
D:5:      layout_loops_ring, lightli_temple_of_fire, makhleb_altar_promises_db,
          lightli_ossuary_entry_decrepit_ruins
D:6:      layout_gridville, mainiacjoe_overflow_24_doors,
          minmay_temple_entry_junction, serial_bayou_pond_e, uniq_grinder,
          uniq_edmund, uniq_sigmund
D:7:      layout_cave_pools, nicolae_ashenzari_panopticon,
          cheibrodos_worm_habitat, serial_shops, shop, shop_statue,
          uniq_duvessa, uniq_joseph
D:8:      layout_basic, mainiacjoe_overflow_alcove_2, general_overflow_altar,
          uniq_psyche, uniq_maurice
D:9:      layout_cave_pools, chequers_temple_overflow_minitemple,
          minmay_lair_entry_grove, nicolae_wooded_promenade, uniq_pikel,
          uniq_amaemon
D:11:     layout_roguey, eino_small_chamber_without_monster, uniq_sonja
Temple:   nicolae_temple_ecumenical_triangle

Skill      XL: |  1  2  3  4  5  6  7  8  9 10 11 |
---------------+----------------------------------+-----
Fighting       | 4 5 6 8 9 10 11 | 11.0
Armour         | 4 5 6 8 9 10 11 | 11.0
Shields        | 4 5 6 8 9 10 11 | 11.0
Axes           | 3 4 5 7 8 10 | 10.6

Action                   |  1- 3 |  4- 6 |  7- 9 | 10-12 || total
-------------------------+-------+-------+-------+-------++-------
Melee: War axe           |    53 |   152 |   287 |    16 ||   508
       Headbutt          |     8 |    24 |    55 |    22 ||   109
       Battleaxe         |       |       |       |   107 ||   107
Evoke: Wand              |       |       |     2 |       ||     2
  Use: Potion            |       |     1 |    11 |     5 ||    17
       Scroll            |       |       |    12 |     1 ||    13
Armor: Scale mail        |    20 |    68 |    76 |       ||   164
       Plate armour      |       |       |    84 |   119 ||   203
       Skin              |       |       |    71 |    24 ||    95
Dodge: Dodged            |    36 |    73 |   167 |   106 ||   382
Block: Buckler           |     7 |    37 |    93 |     5 ||   142

Table legend: (Time is in decaauts)
 A = Elapsed time spent in this place.
 B = Non-inter-level travel time spent in this place.
 C = Inter-level travel time spent in this place.
 D = Time resting spent in this place.
 E = Time spent auto-exploring this place.
 F = Levels seen in this place.
 G = Mean time per level.
                   A        B        C        D        E       F      G
               +--------+--------+--------+--------+--------+-----+--------+
         Total |  10842 |  10510 |    332 |   2601 |   6168 |  12 |  903.5 |
       Dungeon |  10371 |  10039 |    332 |   2372 |   6081 |  10 | 1037.1 |
        Temple |     30 |     30 |      0 |      0 |      7 |   1 |   30.0 |
       Ossuary |    440 |    440 |      0 |    229 |     80 |   1 |  440.0 |
               +--------+--------+--------+--------+--------+-----+--------+

Top non-repeatable levels by time:
     D:8: 1531 daAuts
     D:6: 1434 daAuts
     D:4: 1419 daAuts
     D:7: 1208 daAuts
     D:5: 1103 daAuts
     D:3: 1056 daAuts
     D:1: 977 daAuts
     D:2: 917 daAuts
     D:9: 694 daAuts
 Ossuary: 440 daAuts
  Temple: 30 daAuts
    D:11: 29 daAuts
